 Dungeon Crawl Stone Soup version 0.24.0-13-gcf9b3192b9 (webtiles) character file.

Game seed: 5302265103135270078, levelgen mode: deterministic

1754 ANON1729 the Chiller (level 9, 0/68 HPs)
             Began as a Barachi Ice Elementalist on Nov 8, 2019.
             Was a Follower of Vehumet.
             Slain by a wolf (6 damage)
             ... led by Grum
             ... on level 8 of the Dungeon.
             The game lasted 00:18:50 (10616 turns).

ANON1729 the Chiller (Barachi Ice Elementalist)    Turns: 10616, Time: 00:18:50

Health: 0/68       AC:  2    Str: 11    XL:     9   Next: 6%
Magic:  17/17      EV: 16    Int: 19    God:    Vehumet [*.....]
Gold:   387        SH:  3    Dex: 21    Spells: 6/18 levels left

rFire    + . .     SeeInvis .   C - +1 dagger (venom)
rCold    + . .     Gourm    .   (no shield)
rNeg     . . .     Faith    .   u - +1 robe {rC+ rF+}
rPois    .         Spirit   .   (no helmet)
rElec    .         Reflect  +   c - -3 cloak "Cufais" {*Contam rCorr Str+2 Dex+8}
rCorr    +         Harm     .   (no gloves)
MR       +....                  e - +0 pair of boots
Stlth    +++.......             y - +3 amulet of reflection
HPRegen  0.21/turn              k - ring of resist corrosion
MPRegen  0.15/turn              t - ring of protection from magic

@: can't hop, slow
A: +LOS, swims, slowness 1, strong legs 1
a: Hop, Renounce Religion


You were on level 8 of the Dungeon.
You worshipped Vehumet.
Vehumet was aware of your devotion.
You were not hungry.

You visited 2 branches of the dungeon, and saw 9 of its levels.

You collected 387 gold pieces.

Inventory:

Hand Weapons
 C - a +1 dagger of venom (weapon)
Armour
 c - the -3 cloak "Cufais" (worn) {*Contam rCorr Str+2 Dex+8}
   (You found it on level 7 of the Dungeon)

   It affects your strength (+2).
   It affects your dexterity (+8).
   It causes magical contamination when unequipped.
   It provides partial protection from all sources of acid and corrosion.
 e - a +0 pair of boots (worn)
 l - a scarf of spirit shield
 s - a scarf of cloud immunity
 u - a +1 robe of resistance (worn)
Jewellery
 k - a ring of resist corrosion (left hand)
 n - an uncursed ring of ice
 t - a ring of protection from magic (right hand)
 y - a +3 amulet of reflection (around neck)
Wands
 v - a wand of enslavement (3)
 w - a wand of polymorph (7)
Scrolls
 b - 2 scrolls of blinking
 d - 4 scrolls of remove curse
 g - a scroll of enchant weapon
 i - 2 scrolls of fog
 p - a scroll of magic mapping
 x - a scroll of enchant armour {unknown}
 z - a scroll of fear {unknown}
 B - a scroll of teleportation {unknown}
Potions
 f - 7 potions of curing
 h - 3 potions of flight
 m - a potion of invisibility {unknown}
 o - a potion of magic {unknown}
 q - 3 potions of might
 r - 2 potions of brilliance {unknown}
 A - a potion of berserk rage {unknown}
Comestibles
 a - 3 rations


   Skills:
 + Level 5.4 Fighting
 + Level 5.5 Dodging
 + Level 5.0 Stealth
 * Level 5.4 Spellcasting
 + Level 2.0 Conjurations
 + Level 1.3 Charms
 * Level 2.4 Summonings
 * Level 7.0 Ice Magic


You had 6 spell levels left.
You knew the following spells:

 Your Spells              Type           Power        Failure   Level  Hunger
a - Freeze                Ice            ####         1%          1    None
b - Summon Ice Beast      Ice/Summ       ###.....     17%         4    ####...
c - Throw Icicle          Conj/Ice       ###.....     19%         4    ####...
d - Ozocubu's Armour      Chrm/Ice       ###.....     6%          3    ##.....

Your spell library contained the following spells:

 Spells                   Type           Power        Failure   Level  Hunger
 Magic Dart               Conj           ##..         5%          1    None
 Throw Frost              Conj/Ice       ###...       2%          2    None


Dungeon Overview and Level Annotations

Branches:
Dungeon (8/15)             Temple (1/1) D:4
   Lair: D:8-11

Altars:
Ashenzari
Cheibriados
Dithmenos
Elyvilon
Fedhas
Gozag
Hepliaklqana
Kikubaaqudgha
Makhleb
Nemelex Xobeh
Okawaru
Qazlal
Ru
Sif Muna
Trog
Uskayaw
Vehumet
Wu Jian
Xom
Yredelemnul
Zin
The Shining One

Annotations:
D:8 exclusion: door, Grum, Harold, Psyche


Innate Abilities, Weirdness & Mutations

Shadows flee at your approach. (+LOS)
You can swim through water.
You cover ground slowly.
You can hop short distances.


Message History

You block the wolf's attack. The wolf closely misses you.
The wolf bites you. x2
You block the wolf's attack. The wolf bites you! The wolf misses you.
The wolf completely misses you. The wolf bites you! The wolf barely misses you.
The wolf bites you. The wolf barely misses you. The wolf closely misses you.
The wolf bites you. The wolf closely misses you. The wolf misses you.
The wolf bites you! x2; The wolf barely misses you.
You block the wolf's attack. The wolf bites you!
* * * LOW HITPOINT WARNING * * *
Hop to where?
Press: ? - help, Dir - move target cursor Boing!
There is a stone staircase leading up here.
The wolf bites you.
* * * LOW HITPOINT WARNING * * *
The wolf bites you.
* * * LOW HITPOINT WARNING * * *
The wolf bites you.
You die...

#.......# #.......#
######'###########
######...##..##..>.#
#..................#
#..................# #
#####..##..##...##....#
#.####.#######.h####+##....#
..Z.........°..h@#...##..### #
...............h.#...##..####..#
..##..########.###...##........#
.. #### ####.###...##..........
. +......).............(. .
#......)...............
##########.######...### ..###.
#.### ...# .z...@.#...# .....


You could see 3 wolves.

Vanquished Creatures
  A troll (D:7)
  A hungry ghost (D:6)
  2 centaurs (D:6)
  2 ogres
  4 scorpions
  A crimson imp (D:5)
  A bullfrog zombie (D:6)
  Crazy Yiuf (D:5)
  5 hounds
  2 orc wizards
  A centaur skeleton (D:5)
  2 orc priests
  2 iguanas (D:4)
  9 worker ants
  A hound zombie (D:6)
  A worker ant zombie (D:5)
  A howler monkey skeleton (D:4)
  6 adders
  3 oozes
  An adder skeleton (D:5)
  4 worms
  2 dart slugs
  5 leopard geckos
  11 orcs
  4 giant cockroaches
  5 hobgoblins
  2 jackals (D:5)
  5 kobolds
  A quokka (D:2)
  A ball python (D:4)
  4 bats
  4 frilled lizards
  8 goblins
  A leopard gecko skeleton (D:7)
  A quokka skeleton (D:7)
  4 rats
109 creatures vanquished.

Vanquished Creatures (collateral kills)
  2 phantoms
2 creatures vanquished.

Vanquished Creatures (others)
  An adder zombie (D:5)
1 creature vanquished.

Grand Total: 112 creatures vanquished

Notes
Turn   | Place    | Note
-------+----------+-------------------------------------------
     0 | D:1      | ANON1729 the Barachi Ice Elementalist began the quest for
                  | the Orb.
     0 | D:1      | Reached XP level 1. HP: 13/13 MP: 3/3
   346 | D:1      | Reached XP level 2. HP: 18/20 MP: 1/5
   608 | D:1      | Reached skill level 1 in Fighting
   792 | D:1      | Reached XP level 3. HP: 20/26 MP: 3/6
  1036 | D:2      | Reached skill level 4 in Ice Magic
  1479 | D:2      | Reached XP level 4. HP: 25/32 MP: 1/8
  2640 | D:3      | Found an ornate altar of the Wu Jian Council.
  3136 | D:4      | Reached XP level 5. HP: 23/38 MP: 2/9
  3636 | D:4      | You fall into a shaft and drop 2 floors!
  3839 | D:6      | Noticed a centaur
  3866 | D:6      | Reached XP level 6. HP: 22/46 MP: 4/11
  4038 | D:6      | Reached skill level 5 in Ice Magic
  4565 | D:6      | Reached XP level 7. HP: 46/52 MP: 5/12
  5088 | D:6      | Found Impah's Antique Weapon Shoppe.
  5340 | D:7      | Noticed a hungry ghost
  5386 | D:6      | Killed a hungry ghost
  5764 | D:7      | Got a heavily runed cloak
  5782 | D:7      | Identified the cursed -3 cloak "Cufais" {*Contam rCorr
                  | Str+2 Dex+8} (You found it on level 7 of the Dungeon)
  5817 | D:7      | Noticed a troll
  6108 | D:5      | Entered Level 5 of the Dungeon
  6902 | D:4      | Reached XP level 8. HP: 61/61 MP: 11/14
  7083 | D:4      | Reached skill level 6 in Ice Magic
  7096 | D:4      | Found a staircase to the Ecumenical Temple.
  7276 | Temple   | Entered the Ecumenical Temple
  7367 | Temple   | Became a worshipper of Vehumet
  7539 | D:4      | Reached skill level 5 in Dodging
  8163 | D:5      | Reached skill level 5 in Fighting
  8411 | D:4      | Learned a level 4 spell: Summon Ice Beast
  8416 | D:4      | Learned a level 4 spell: Throw Icicle
  8420 | D:4      | Learned a level 3 spell: Ozocubu's Armour
  8540 | D:5      | Reached skill level 5 in Spellcasting
  8544 | D:5      | Reached skill level 1 in Summonings
  9262 | D:5      | Found a runed translucent door.
  9263 | D:5      | Noticed Crazy Yiuf
  9270 | D:5      | Killed Crazy Yiuf
  9501 | D:7      | Killed a troll
  9501 | D:7      | Reached skill level 1 in Charms
  9681 | D:7      | Reached * piety under Vehumet
  9681 | D:7      | Offered knowledge of Magic Dart by Vehumet.
  9744 | D:7      | Found a shadowy altar of Dithmenos.
 10099 | D:7      | Got an opalescent robe
 10110 | D:7      | Identified the cursed +0 robe of Riss {rC+} (You found it
                  | on level 7 of the Dungeon)
 10258 | D:8      | Noticed Psyche
 10258 | D:8      | Noticed a two-headed ogre
 10326 | D:8      | Reached XP level 9. HP: 63/68 MP: 12/17
 10368 | D:8      | Reached skill level 5 in Stealth
 10368 | D:8      | Reached skill level 7 in Ice Magic
 10545 | D:8      | Noticed Harold
 10602 | D:8      | Noticed Grum
 10616 | D:8      | Slain by a wolf

Levels and vault maps discovered:
D:1:      dpeg_arrival_arbitrary_a, layout_basic, st_stairs_7,
          minmay_tetromino_t4
D:2:      layout_basic
D:3:      layout_basic, lemuel_tele_altar
D:4:      minmay_chambers_of_threes, layout_rooms, minmay_temple_entry_poolview,
          first_ration, serial_bayou_pond_a
D:5:      layout_loops_ring, uniq_crazy_yiuf_cottage
D:6:      layout_basic, serial_shops, shop_fountains,
          chequers_serial_rivers_small_3
D:7:      layout_basic, nicolae_dithmenos_the_darkroom
D:8:      layout_gridville, uniq_grum, uniq_harold, uniq_gastronok, uniq_psyche
Temple:   compressed_dpeg_circular_temple

Skill      XL: |  1  2  3  4  5  6  7  8  9 |
---------------+----------------------------+-----
Stealth        | 2 3 4 5 |  5.0
Fighting       | 1 2 3 4 5 |  5.4
Ice Magic      | 4 5 6 7 |  7.0
Dodging        | 3 4 5 |  5.5
Spellcasting   | 3 4 5 |  5.4
Summonings     | 2 |  2.4
Charms         | 1 |  1.3
Conjurations   | 2 |  2.0

Action                   |  1- 3 |  4- 6 |  7- 9 || total
-------------------------+-------+-------+-------++-------
Melee: Unarmed           |    23 |       |       ||    23
       Dagger            |    21 |   160 |   272 ||   453
 Cast: Freeze            |    39 |    70 |    96 ||   205
       Summon Ice Beast  |       |       |     6 ||     6
 Abil: Hop               |       |       |     4 ||     4
Evoke: Wand              |       |       |     8 ||     8
  Use: Scroll            |       |       |    12 ||    12
 Stab: Sleeping          |     1 |     3 |     9 ||    13
  Eat: Ration            |     1 |     1 |     6 ||     8
       Chunk             |       |     6 |    10 ||    16
Armor: Robe              |    14 |    51 |    33 ||    98
Dodge: Dodged            |    58 |   183 |   280 ||   521
Block: Other             |       |       |     6 ||     6
